[Event "48th Continental Open"]
[Site "Sturbridge, MA"]
[Date "2018.08.17"]
[Round "4.20"]
[White "Barash, Anton"]
[Black "Belous, Nicholas"]
[Result "1/2-1/2"]
[ECO "C11"]
[WhiteElo "1972"]
[BlackElo "1852"]
[PlyCount "46"]
[EventDate "2018.08.??"]
[EventType "swiss"]
[EventRounds "9"]
[EventCountry "USA"]
[TimeControl "6000+10"]
[WhiteClock "0:48:06"]
[BlackClock "0:19:38"]

1. e4 e6 2. d4 d5 3. Nc3 Nf6 4. Bg5 dxe4 5. f3 e3 6. Bxe3 Bb4 7. Bc4 Bxc3+ 8. bxc3 Nd5 9. Bxd5 exd5 10. Ne2 O-O 11. O-O Nd7 12. Qd3 Nb6 13. Rae1 Nc4 14. Bc1 c6 15. Ng3 Bd7 16. Re2 Re8 17. Rfe1 Rxe2 18. Qxe2 Qf8 19. Nh5 Re8 20. Qf2 f6 21. Rxe8 Qxe8 22. Nf4 Bf5 23. Nd3 Qe7 1/2-1/2

[Event "48th Continental Open"]
[Site "Sturbridge, MA"]
[Date "2018.08.17"]
[Round "4.21"]
[White "Slade, Theo"]
[Black "Zhao, Jeffrey Renfei"]
[Result "1/2-1/2"]
[ECO "D35"]
[WhiteElo "1960"]
[BlackElo "1827"]
[PlyCount "74"]
[EventDate "2018.08.??"]
[EventType "swiss"]
[EventRounds "9"]
[EventCountry "USA"]
[TimeControl "6000+10"]
[WhiteClock "0:01:50"]
[BlackClock "0:09:36"]

1. d4 d5 2. c4 e6 3. Nc3 Nf6 4. cxd5 exd5 5. Bg5 Be7 6. e3 c6 7. Bd3 O-O 8. Qc2 Nbd7 9. Nge2 b6 10.
O-O Bb7 11. Rad1 h6 12. Bh4 Rc8 13. f3 c5 14. dxc5 Bxc5 15.
Nd4 Re8 16. Rfe1 a6 17. Bh7+ Kh8 18. Bf5 Rc7 19. Bg3 Ne5 20. Qb3 Rce7 21. Bh4 Qd6 22. Bb1 Bxd4 23. Rxd4 g5 24. Bg3 Qe6 25. Bxe5 Qxe5 26. Qxb6 Kg7 27. Qb3 h5 28. Qc2 g4 29. f4 Qxd4 30. exd4 Rxe1+ 31. Kf2 R8e3 32. g3 Ne4+ 33. Nxe4 Rxe4 34. Qd3 Rh1 35. Kg2 Rhe1 36. Kf2 Rh1 37. Kg2 Rhe1 1/2-1/2

[Event "48th Continental Open"]
[Site "Sturbridge, MA"]
[Date "2018.08.17"]
[Round "4.23"]
[White "Procyk, Marijan"]
[Black "Riddell, Connor"]
[Result "1-0"]
[ECO "A56"]
[WhiteElo "1940"]
[BlackElo "1716"]
[PlyCount "77"]
[EventDate "2018.08.??"]
[EventType "swiss"]
[EventRounds "9"]
[EventCountry "USA"]
[TimeControl "6000+10"]
[WhiteClock "0:43:51"]
[BlackClock "0:00:30"]

1. d4 Nf6 2. c4 c5 3. d5 e5 4. Nc3 d6 5. e4 Be7 6. f4 exf4 7. Bxf4 Nbd7 8.
Nf3 Nh5 9. Be3 g6 10. Qd2 O-O 11. Bd3 Bf6 12. g4 Ng7 13. O-O-O Ne5 14. Nxe5 Bxe5 15. h3 a6 16. Rdf1 b5 17. Nd1 Bd7 18. Qe2 Qa5 19. Kb1 bxc4 20. Bxc4 Rab8 21. Bd2 Qb6 22. Bc3 Bxc3 23. Nxc3 Bb5 24. Rh2 Rb7 25. h4 Qa5 26. Ka1 Re8 27. h5 Bxc4 28. Qxc4 Rb4 29. Qd3 Re7 30. hxg6 fxg6 31. Qh3 h5 32. gxh5 gxh5 33. Rg2 Kh7 34. Qg3 Qd8 35. Qg6+ Kg8 36. Qxh5 Qe8 37. Rxg7+ Kxg7 38. Rg1+ Kf6 39. Qg5+ 1-0

[Event "48th Continental Open"]
[Site "Sturbridge, MA"]
[Date "2018.08.18"]
[Round "5.1"]
[White "Gorovets, Andrey"]
[Black "Barbosa, Oliver"]
[Result "1/2-1/2"]
[ECO "D10"]
[WhiteElo "2495"]
[BlackElo "2545"]
[PlyCount "59"]
[EventDate "2018.08.??"]
[EventType "swiss"]
[EventRounds "9"]
[EventCountry "USA"]
[TimeControl "6000+10"]
[WhiteClock "0:21:51"]
[BlackClock "0:11:15"]

1. d4 d5 2. c4 c6 3. cxd5 cxd5 4. Nc3 Nf6 5. Bf4 Nc6 6. e3 Bf5 7. Qb3 Na5 8. Qa4+ Bd7 9. Qc2 e6 10. Bd3 Rc8 11. Nf3 Be7 12. O-O O-O 13.
Ne5 Nc4 14. Qe2 Nd6 15. Rac1 Be8 16. Qf3 b5 17. Qh3 h6 18. Ng4 Nxg4 19. Qxg4 f5 20. Qe2 a6 21. a4 bxa4 22. Ra1 a5 23.
Nxa4 Bxa4 24. Rxa4 Ne4 25. f3 Nf6 26. Ba6 Rc6 27. Bb5 Rc8 28.
Raa1 Qb6 29. Rfc1 Bd6 30. Bxd6 1/2-1/2

[Event "48th Continental Open"]
[Site "Sturbridge, MA"]
[Date "2018.08.18"]
[Round "5.3"]
[White "Kumar, Aravind"]
[Black "Baryshpolets, Andrey"]
[Result "0-1"]
[ECO "D45"]
[WhiteElo "2169"]
[BlackElo "2609"]
[PlyCount "66"]
[EventDate "2018.08.??"]
[EventType "swiss"]
[EventRounds "9"]
[EventCountry "USA"]
[TimeControl "6000+10"]
[WhiteClock "0:00:03"]
[BlackClock "0:15:11"]

1. d4 d5 2. c4 e6 3. Nc3 c6 4. e3 Nf6 5. Nf3 Nbd7 6. Qc2 Bd6 7. Bd3 O-O 8. O-O dxc4 9. Bxc4 e5 10.
Rd1 Qe7 11. h3 e4 12. Nd2 Nb6 13. Bf1 Re8 14. g4 h5 15. g5 Nh7 16. Qxe4 Qxg5+ 17. Qg2 Bxh3 18. Qxg5 Nxg5 19. f4 Bxf1 20. Rxf1 Ne6 21. f5 Ng5 22. e4 f6 23. e5 fxe5 24. Nde4 Nxe4 25. Nxe4 Bc7 26. f6 Rf8 27. dxe5 Bxe5 28. Rf5 Rae8 29. Bg5 Bd4+ 30. Nf2 Nd5 31. Rd1 Bxf6 32. Bxf6 Nxf6 33. Kg2 Re2 0-1

[Event "48th Continental Open"]
[Site "Sturbridge, MA"]
[Date "2018.08.18"]
[Round "5.4"]
[White "Vorontsov, Pavlo"]
[Black "Samadashvili, Martha"]
[Result "1-0"]
[ECO "E46"]
[WhiteElo "2578"]
[BlackElo "2136"]
[PlyCount "51"]
[EventDate "2018.08.??"]
[EventType "swiss"]
[EventRounds "9"]
[EventCountry "USA"]
[TimeControl "6000+10"]
[WhiteClock "0:50:52"]
[BlackClock "0:17:10"]

1. d4 Nf6 2. c4 e6 3. Nc3 Bb4 4. e3 O-O 5. Nge2 d5 6. a3 Be7 7. cxd5 exd5 8.
g3 c6 9. Bg2 Bf5 10. f3 Re8 11. g4 Bg6 12. Nf4 Bd6 13. O-O Qc7 14. h4 h6 15. Nxg6 fxg6 16. f4 Ne4 17. Nxe4 dxe4 18. g5 hxg5 19. hxg5 Qd7 20. f5 Qe7 21. Qg4 gxf5 22. Rxf5 Nd7 23. g6 Nf6 24. Qh3 Rac8 25. Bd2 Rf8 26. Rh5 1-0

[Event "48th Continental Open"]
[Site "Sturbridge, MA"]
[Date "2018.08.18"]
[Round "5.6"]
[White "Mulyar, Michael"]
[Black "Taylor, Steven"]
[Result "1-0"]
[ECO "D30"]
[WhiteElo "2374"]
[BlackElo "2081"]
[PlyCount "57"]
[EventDate "2018.08.??"]
[EventType "swiss"]
[EventRounds "9"]
[EventCountry "USA"]
[TimeControl "6000+10"]
[WhiteClock "1:00:02"]
[BlackClock "0:00:48"]

1. d4 d5 2. c4 e6 3. Nf3 Nf6 4. g3 Be7 5. Bg2 O-O 6. O-O dxc4 7. Qc2 a6 8.
Qxc4 b5 9. Qc2 Bb7 10. Bd2 Be4 11. Qc1 Bd6 12. Bg5 h6 13. Bxf6 Qxf6 14. Nbd2 Bh7 15. a4 b4 16. Ne5 Ra7 17. Ndc4 a5 18. Qe3 Qe7 19. Rac1 Ra6 20. b3 f6 21. Nd3 Bxd3 22. Qxd3 e5 23. dxe5 fxe5 24. Ne3 Qg5 25. h4 Qh5 26. Bf3 Qe8 27. Rfd1 c5 28. Bb7 Rb6 29. Nc4 1-0

[Event "48th Continental Open"]
[Site "Sturbridge, MA"]
[Date "2018.08.18"]
[Round "5.9"]
[White "Bader, Jeremy"]
[Black "Isakov, Michael"]
[Result "0-1"]
[ECO "B80"]
[WhiteElo "1845"]
[BlackElo "2163"]
[PlyCount "84"]
[EventDate "2018.08.??"]
[EventType "swiss"]
[EventRounds "9"]
[EventCountry "USA"]
[TimeControl "6000+10"]
[WhiteClock "0:00:15"]
[BlackClock "0:00:07"]

1. e4 c5 2. Nf3 d6 3. d4 cxd4 4. Nxd4 Nf6 5. Nc3 a6 6. f3 e6 7. Be3 Be7 8. Qd2 b5 9. g4 Bb7 10.
O-O-O Nfd7 11. Kb1 Nb6 12. Qf2 N8d7 13. h4 Rc8 14. Nce2 Nc4 15.
Bc1 Qb6 16. Qg2 O-O 17. g5 d5 18. Ng3 Rfd8 19. h5 Nde5 20.
Bxc4 Rxc4 21. Nb3 Rdc8 22. Na1 dxe4 23. fxe4 Bc5 24. b3 Rd4 25. Bb2 Ng4 26. Qe2 Nf2 27. Rxd4 Bxd4 28. Re1 Bxb2 29. Kxb2 Qd4+ 30. Kb1 Rc3 31. Nh1 Nxe4 32. Rd1 Qb6 33. Kb2 Rc8 34. Rd3 b4 35. Ng3 Nc3 36. Qe5 Qg1 37.
Rxc3 bxc3+ 38. Ka3 Qxa1 39. h6 gxh6 40. Nh5 Qc1+ 41. Kb4 Qxg5 42. Nf6+ Kh8 0-1

[Event "48th Continental Open"]
[Site "Sturbridge, MA"]
[Date "2018.08.18"]
[Round "5.10"]
[White "Wu, Brandon"]
[Black "Otchiyev, Arslan"]
[Result "0-1"]
[ECO "A15"]
[WhiteElo "1980"]
[BlackElo "2333"]
[PlyCount "160"]
[EventDate "2018.08.??"]
[EventType "swiss"]
[EventRounds "9"]
[EventCountry "USA"]
[TimeControl "6000+10"]
[WhiteClock "0:00:07"]
[BlackClock "1:37:45"]

1. Nf3 Nf6 2. c4 g6 3. g3 Bg7 4. Bg2 O-O 5. O-O d6 6. d4 Nc6 7. Nc3 Rb8 8. h3 Bf5 9. d5 Na5 10. Nd4 Bd7 11. Qd3 c5 12. Nc2 a6 13.
Rb1 b5 14. cxb5 axb5 15. b4 Nc4 16. bxc5 dxc5 17. Bf4 Nd6 18.
Bxd6 c4 19. Qd2 exd6 20. Rb4 Qc8 21. Kh2 Qc5 22. e3 Ne8 23.
a4 Nc7 24. Ne4 Qb6 25. axb5 f5 26. Nc3 Nxb5 27. Nxb5 Bxb5 28. Rfb1 Qa5 29. Nd4 Rfc8 30. Qc1 Bxd4 31. exd4 Rb6 32. Bf1 Rcb8 33. Bxc4 Bd7 34. Rxb6 Rxb6 35. Ra1 Qb4 36. Qg5 Rb8 37. Ra7 Qxc4 38. Rxd7 Qxd4 39. Qf4 Qxf4 40. gxf4 Rb6 41. Kg3 Ra6 42. Kf3 Ra3+ 43. Kg2 Ra6 44. Kf3 Ra3+ 45. Ke2 Rxh3 46. Rxd6 Kf7 47. Re6 Ra3 48. Re5 h5 49. d6 Ra7 50. Rd5 Rd7 51. Rd1 Ke6 52. Rg1 Rg7 53. Rd1 Kd7 54. Kf3 Rf7 55.
Ra1 Rf6 56. Ra7+ Kxd6 57. Ra6+ Ke7 58. Ra7+ Kf8 59. Kg3 Rf7 60. Ra8+ Kg7 61. Kh4 Kh6 62. Rh8+ Rh7 63. Rd8 Ra7 64. Rh8+ Kg7 65. Rb8 Ra1 66. Rb3 Rg1 67. Rg3 Rh1+ 68. Kg5 Rh2 69. Rf3 Kf7 70. Rg3 Rxf2 71. Ra3 Rg2+ 72. Kh6 h4 73. Ra7+ Ke6 74. Rh7 h3 75. Kg7 h2 76. Rh4 Kd5 77. Kf7 Ke4 78. Kf6 Kf3 79. Ke5 Kf2 80. Kd4 Kg1 0-1

[Event "48th Continental Open"]
[Site "Sturbridge, MA"]
[Date "2018.08.18"]
[Round "5.12"]
[White "Graif, William"]
[Black "Procyk, Marijan"]
[Result "1-0"]
[ECO "B76"]
[WhiteElo "2123"]
[BlackElo "1940"]
[PlyCount "46"]
[EventDate "2018.08.??"]
[EventType "swiss"]
[EventRounds "9"]
[EventCountry "USA"]
[TimeControl "6000+10"]
[WhiteClock "0:22:58"]
[BlackClock "0:43:30"]

1. e4 c5 2. Nf3 d6 3. d4 cxd4 4. Nxd4 Nf6 5. Nc3 g6 6. Be3 Bg7 7. f3 O-O 8. Qd2 Nc6 9. g4 Bd7 10. O-O-O Rc8 11. Kb1 Ne5 12. h4 h5 13. Bh6 hxg4 14. h5 Bxh6 15. Qxh6 g5 16. Qxg5+ Kh7 17. Nf5 Bxf5 18. Qxf5+ Kh6 19. f4 Nf3 20. e5 Qa5 21. Rxd6 exd6 22. Qxf6+ Kh7 23. Bd3+ Kg8 1-0

[Event "48th Continental Open"]
[Site "Sturbridge, MA"]
[Date "2018.08.18"]
[Round "5.14"]
[White "Riddell, John"]
[Black "Genger, Eitan"]
[Result "0-1"]
[ECO "B10"]
[WhiteElo "2103"]
[BlackElo "1903"]
[PlyCount "108"]
[EventDate "2018.08.??"]
[EventType "swiss"]
[EventRounds "9"]
[EventCountry "USA"]
[TimeControl "6000+10"]
[WhiteClock "0:00:10"]
[BlackClock "0:01:23"]

1. e4 c6 2. c4 d5 3. exd5 cxd5 4. cxd5 Qxd5 5. Nc3 Qa5 6. d4 e6 7. Nf3 Nf6 8. Bd3 Be7 9. O-O O-O 10.
Bg5 Nc6 11. a3 Nd5 12. b4 Nxc3 13. Qc2 Nxd4 14. bxa5 Nxc2 15. Bxe7 Nxa1 16. Bxf8 Kxf8 17. Rxa1 Bd7 18. Ne5 Ke7 19. f4 g6 20. g4 f6 21. Nf3 Bc6 22. Nd4 Rd8 23. Nxc6+ bxc6 24. Bf1 Rd5 25. Rc1 Rc5 26. Rc2 Na4 27. Bc4 Rxa5 28. Re2 e5 29. g5 fxg5 30. fxg5 Nc3 31. Rf2 Nd5 32. Rb2 Kd6 33. Rb7 Ra4 34. Bxd5 cxd5 35. Rxh7 Ke6 36. h4 Kf5 37. Rf7+ Kg4 38. Rf6 Kxh4 39. Rxg6 Rg4+ 40. Kf2 Rxg5 41. Rh6+ Kg4 42. Rh7 d4 43. Rxa7 Rf5+ 44. Ke2 Kf4 45. Rd7 Rh5 46. a4 Ke4 47. Rb7 Rh2+ 48. Kd1 Ke3 49. Re7 Kd3 50. Ke1 Rh1+ 51. Kf2 e4 52. a5 Ra1 53. Re5 e3+ 54. Kg2 Kd2 0-1

[Event "48th Continental Open"]
[Site "Sturbridge, MA"]
[Date "2018.08.18"]
[Round "5.16"]
[White "Kavi, Nithin"]
[Black "Kang, Dorian"]
[Result "1-0"]
[ECO "A04"]
[WhiteElo "1995"]
[BlackElo "1853"]
[PlyCount "77"]
[EventDate "2018.08.??"]
[EventType "swiss"]
[EventRounds "9"]
[EventCountry "USA"]
[TimeControl "6000+10"]
[WhiteClock "1:27:12"]
[BlackClock "0:01:18"]

1. Nf3 c5 2. c4 Nc6 3. Nc3 g6 4. e3 Nf6 5. d4 cxd4 6. exd4 d5 7. cxd5 Nxd5 8. Qb3 Nxc3 9. Bc4 Nd5 10. Bxd5 e6 11. Bxc6+ bxc6 12. O-O Qd5 13. Qxd5 cxd5 14. Bf4 Be7 15. Rfc1 Bd8 16. b4 f6 17. Rc2 Kd7 18. Nd2 Bb6 19. Nb3 Bb7 20. a4 Rhc8 21. Rxc8 Rxc8 22. Be3 Rc4 23. a5 Rxb4 24. Rb1 Bxa5 25. Bd2 Bc6 26. Nc5+ Kd6 27. Bxb4 Bxb4 28. Rxb4 e5 29. Nb3 e4 30. Kf1 f5 31. Na5 Bd7 32. Ke2 a6 33. Nb7+ Kc7 34. Nc5 Bb5+ 35. Ke3 h6 36. f3 Kc6 37. Rb2 g5 38. fxe4 fxe4 39. Rf2 1-0

[Event "48th Continental Open"]
[Site "Sturbridge, MA"]
[Date "2018.08.18"]
[Round "5.17"]
[White "Poliannikov, Danila"]
[Black "Yu, Alex"]
[Result "1-0"]
[ECO "B91"]
[WhiteElo "1994"]
[BlackElo "1852"]
[PlyCount "149"]
[EventDate "2018.08.??"]
[EventType "swiss"]
[EventRounds "9"]
[EventCountry "USA"]
[TimeControl "6000+10"]
[WhiteClock "0:00:21"]
[BlackClock "0:01:30"]

1. e4 c5 2. Nf3 d6 3. d4 cxd4 4. Nxd4 Nf6 5. Nc3 a6 6. g3 e5 7. Nb3 Be6 8. Bg2 Nbd7 9. O-O Be7 10. a4 O-O 11. h3 Rc8 12. Be3 Nb6 13.
Nd2 Nc4 14. Nxc4 Bxc4 15. Re1 Qa5 16. Qd2 Rfd8 17. f4 Kh8 18.
Red1 exf4 19. gxf4 d5 20. Nxd5 Qxd2 21. Rxd2 Bc5 22. Bxc5 Rxc5 23. b3 Bxd5 24. c4 Re8 25. exd5 b5 26. axb5 axb5 27. d6 bxc4 28. d7 Nxd7 29. Rxd7 cxb3 30. Rb1 Rf5 31. Rd4 g6 32. Rxb3 Re2 33. Rb6 Kg7 34. Rbd6 h5 35. R6d5 Rf6 36. Rg5 Rb2 37. Kh2 Rf2 38. Kg3 Ra2 39. Rgd5 Ra3+ 40. Rd3 Ra4 41. Rf3 Rb4 42. Bf1 Ra4 43. Rg5 Rb4 44. Rb5 Ra4 45. Rc5 Rb4 46. Rc7 Ra4 47. Bc4 Ra5 48. Re3 Raf5 49. Re4 Ra5 50. Rd7 Ra3+ 51. Bd3 Rb3 52. Red4 Ra3 53. R7d6 Rxd6 54. Rxd6 Rb3 55. Kg2 Rb2+ 56. Kf3 Rh2 57. Kg3 Ra2 58. Bc4 Ra3+ 59. Rd3 Ra4 60. Bb5 Rb4 61. Bc6 Rc4 62. Bf3 Ra4 63. Rd7 Ra3 64. Kf2 Ra4 65. Ke3 Ra3+ 66. Rd3 Ra1 67. Bd5 Ra4 68. Rc3 Ra7 69. Kd4 Ra4+ 70. Bc4 Ra5 71. Rb3 Rf5 72. Ke4 Rf6 73. Rb7 Rf5 74. Rc7 Rf6 75. Bd5 1-0

[Event "48th Continental Open"]
[Site "Sturbridge, MA"]
[Date "2018.08.18"]
[Round "5.18"]
[White "Luo, Terry"]
[Black "Sage, J Timothy"]
[Result "1-0"]
[ECO "E01"]
[WhiteElo "1793"]
[BlackElo "2036"]
[PlyCount "65"]
[EventDate "2018.08.??"]
[EventType "swiss"]
[EventRounds "9"]
[EventCountry "USA"]
[TimeControl "6000+10"]
[WhiteClock "0:22:31"]
[BlackClock "0:07:50"]

1. d4 Nf6 2. c4 e6 3. g3 d5 4. Nf3 Be7 5. Bg2 O-O 6. O-O dxc4 7. Qc2 b6 8. Qxc4 Bb7 9. Nc3 Nbd7 10.
Rd1 c5 11. Bg5 Nd5 12. Bxe7 Qxe7 13. Rac1 Rac8 14. e3 Nxc3 15.
Qxc3 cxd4 16. Qxd4 Rxc1 17. Rxc1 Nc5 18. Rd1 f6 19. b4 Na6 20. a3 Rc8 21. Ne1 Nb8 22. Bxb7 Qxb7 23. b5 Kf7 24. Ng2 Rc7 25. Qg4 g6 26. Qh3 h5 27. g4 h4 28. Qxh4 Kg7 29. Nf4 Qe4 30.
g5 Qf3 31. Qh6+ Kf7 32. Qxg6+ Ke7 33. Qxf6+ 1-0

[Event "48th Continental Open"]
[Site "Sturbridge, MA"]
[Date "2018.08.18"]
[Round "5.19"]
[White "Slade, Theo"]
[Black "Falcao, Wesley"]
[Result "1/2-1/2"]
[ECO "A44"]
[WhiteElo "1960"]
[BlackElo "2148"]
[PlyCount "84"]
[EventDate "2018.08.??"]
[EventType "swiss"]
[EventRounds "9"]
[EventCountry "USA"]
[TimeControl "6000+10"]
[WhiteClock "0:00:01"]
[BlackClock "0:00:07"]

1. d4 c5 2. d5 e5 3. e4 Nf6 4. Bd3 d6 5. c4 Be7 6. Nc3 O-O 7. Nge2 Ne8 8.
O-O Bg5 9. a3 g6 10. b4 Nd7 11. g3 Bxc1 12. Qxc1 f5 13. f4 cxb4 14. axb4 Qb6+ 15. Kg2 Qxb4 16. exf5 gxf5 17. fxe5 Nxe5 18.
Qg5+ Ng7 19. Qe3 Re8 20. Rfb1 Qc5 21. Qxc5 dxc5 22. Nf4 Nxd3 23. Nxd3 Re3 24. Rd1 f4 25. Nb5 fxg3 26. Nxc5 Nh5 27. hxg3 Bg4 28. Rd2 Rc8 29. Nxb7 Rxg3+ 30. Kh1 Bf3+ 31. Kh2 Rxc4 32. Nd4 Bxd5 33. Nf5 Bxb7 34. Rd8+ Kf7 35. Nxg3 Rh4+ 36. Kg1 Nxg3 37. Rxa7 Rh1+ 38. Kf2 Ne4+ 39. Kg2 Nc5+ 40. Rxb7+ Nxb7 41. Rd7+ Ke6 42. Rxb7 Rh4 1/2-1/2

[Event "48th Continental Open"]
[Site "Sturbridge, MA"]
[Date "2018.08.18"]
[Round "5.21"]
[White "Zhao, Jeffrey Renfei"]
[Black "Barash, Anton"]
[Result "0-1"]
[ECO "C19"]
[WhiteElo "1827"]
[BlackElo "1972"]
[PlyCount "76"]
[EventDate "2018.08.??"]
[EventType "swiss"]
[EventRounds "9"]
[EventCountry "USA"]
[TimeControl "6000+10"]
[WhiteClock "0:39:15"]
[BlackClock "0:25:52"]

1. e4 e6 2. d4 d5 3. Nc3 Bb4 4. e5 c5 5. a3 Bxc3+ 6. bxc3 Ne7 7. Nf3 Nbc6 8. h4 Bd7 9. h5 h6 10. Be2 Qc7 11. O-O O-O-O 12. g3 f6 13.
Bf4 g5 14. exf6 gxf4 15. fxe7 Rdg8 16. Nh4 fxg3 17. f4 Nxe7 18. Rb1 g2 19. Nxg2 Nf5 20. Qd2 Ng3 21. Rf3 Nxh5 22. Qe3 Rg7 23. Qe5 Qxe5 24. fxe5 Rhg8 25. Bf1 Ng3 26. Rf2 Ne4 27. dxc5 Nxf2 28. Kxf2 Rf7+ 29. Ke2 Rf5 30. Ne3 Rxe5 31. Kd2 Rg3 32. Re1 h5 33. Ng2 Rxe1 34. Nxe1 h4 35. Nd3 h3 36. Nf2 h2 37. Be2 Rg2 38. Nh1 Bb5 0-1

[Event "48th Continental Open"]
[Site "Sturbridge, MA"]
[Date "2018.08.18"]
[Round "6.1"]
[White "Matsenko, Sergei"]
[Black "Barbosa, Oliver"]
[Result "1/2-1/2"]
[ECO "D10"]
[WhiteElo "2533"]
[BlackElo "2545"]
[PlyCount "33"]
[EventDate "2018.08.??"]
[EventType "swiss"]
[EventRounds "9"]
[EventCountry "USA"]
[TimeControl "6000+10"]
[WhiteClock "0:33:24"]
[BlackClock "0:50:41"]

1. d4 d5 2. c4 c6 3. Nc3 Nf6 4. e3 g6 5. Nf3 Bg7 6. Bd3 O-O 7. cxd5 cxd5 8.
Ne5 Nfd7 9. Nxd7 Qxd7 10. O-O b6 11. b4 Nc6 12. Qb3 Rd8 13.
Bb2 Bb7 14. Rfd1 Rac8 15. a4 Qd6 16. Nb5 Qd7 17. Rac1 1/2-1/2

[Event "48th Continental Open"]
[Site "Sturbridge, MA"]
[Date "2018.08.18"]
[Round "6.2"]
[White "Vorontsov, Pavlo"]
[Black "Gorovets, Andrey"]
[Result "1/2-1/2"]
[ECO "A13"]
[WhiteElo "2578"]
[BlackElo "2495"]
[PlyCount "45"]
[EventDate "2018.08.??"]
[EventType "swiss"]
[EventRounds "9"]
[EventCountry "USA"]
[TimeControl "6000+10"]
[WhiteClock "0:23:31"]
[BlackClock "0:48:08"]

1. c4 e6 2. Nc3 d5 3. d4 Bb4 4. Nf3 dxc4 5. Bg5 Ne7 6. a3 Bxc3+ 7. bxc3 b5 8. a4 c6 9. e4 f6 10. Bf4 a6 11. Be2 O-O 12. O-O Ng6 13.
Bc1 Qc7 14. h4 Nf4 15. Ba3 Rd8 16. e5 fxe5 17. Nxe5 Nd7 18. Qd2 Nxe2+ 19. Qxe2 Nxe5 20. Qxe5 Qxe5 21. dxe5 Rd5 22. Bd6 h5 23. Rfd1 1/2-1/2

[Event "48th Continental Open"]
[Site "Sturbridge, MA"]
[Date "2018.08.18"]
[Round "6.4"]
[White "Mishra, Abhimanyu"]
[Black "Mulyar, Michael"]
[Result "0-1"]
[ECO "B05"]
[WhiteElo "2166"]
[BlackElo "2374"]
[PlyCount "132"]
[EventDate "2018.08.??"]
[EventType "swiss"]
[EventRounds "9"]
[EventCountry "USA"]
[TimeControl "6000+10"]
[WhiteClock "0:05:26"]
[BlackClock "0:48:45"]

1. e4 Nf6 2. e5 Nd5 3. d4 d6 4. Nf3 Bg4 5. Be2 e6 6. O-O Be7 7. b3 O-O 8. c4 Nb6 9. Bb2 Nc6 10. exd6 cxd6 11. Nbd2 d5 12. c5 Nd7 13. Re1 b6 14. Bb5 Qc7 15.
Bxc6 Qxc6 16. b4 a5 17. a3 Bf6 18. Qc1 Rfc8 19. Re3 Qa4 20.
Bc3 bxc5 21. bxc5 Bf5 22. Qd1 Bc2 23. Qe2 Nxc5 24. dxc5 d4 25.
Re4 Bxe4 26. Qxe4 e5 27. Re1 Qxa3 28. Ba1 Qxc5 29. Nf1 Qc2 30. Nxe5 Qxe4 31. Rxe4 Bxe5 32. Rxe5 d3 33. Re1 a4 34. Rd1 a3 35. Rxd3 Rc1 36. Bd4 a2 37. g3 g6 38. Kg2 Rd8 39. Ra3 Rxd4 40.
Rxa2 Rcd1 41. Ne3 R1d2 42. Rxd2 Rxd2 43. h4 Kg7 44. Kf3 h5 45. Nc4 Rc2 46. Ne3 Ra2 47. Nd5 Rd2 48. Ne3 Kf6 49. Nc4 Ra2 50. Ke3 Ke6 51. Nb6 Ra3+ 52. Ke2 Rc3 53. Kd2 Rc6 54. Na4 Kf5 55. Nc3 Kg4 56. Nb5 Re6 57. Nd4 Rd6 58. Ke3 Rxd4 59. Kxd4 Kf3 60. Ke5 Kxf2 61. Kf4 f5 62. Kg5 Kxg3 63. Kxg6 Kg4 64. Kf6 f4 65. Ke5 f3 66. Ke4 f2
0-1

[Event "48th Continental Open"]
[Site "Sturbridge, MA"]
[Date "2018.08.18"]
[Round "6.6"]
[White "Kim, Yoon-Young"]
[Black "Graif, William"]
[Result "1/2-1/2"]
[ECO "E01"]
[WhiteElo "2360"]
[BlackElo "2123"]
[PlyCount "51"]
[EventDate "2018.08.??"]
[EventType "swiss"]
[EventRounds "9"]
[EventCountry "USA"]
[TimeControl "6000+10"]
[WhiteClock "0:24:08"]
[BlackClock "0:17:01"]

1. d4 Nf6 2. c4 e6 3. g3 d5 4. Nf3 Be7 5. Bg2 O-O 6. O-O dxc4 7. Qc2 b6 8.
Bg5 Ba6 9. Nbd2 Nbd7 10. Nxc4 Bb7 11. Rfd1 Qc8 12. Nce5 Be4 13. Qa4 Bd6 14. Rac1 Qb7 15. Nc4 Rac8 16. Nxd6 cxd6 17. Qa3 d5 18. Bf1 Bc2 19. Re1 b5 20. Nd2 Rc6 21. Qb4 a5 22. Qxa5 b4 23. e3 Rb6 24. Rxc2 Ra8 25. Qxa8+ Qxa8 26. b3 1/2-1/2

[Event "48th Continental Open"]
[Site "Sturbridge, MA"]
[Date "2018.08.18"]
[Round "6.7"]
[White "Otchiyev, Arslan"]
[Black "Kavi, Nithin"]
[Result "1-0"]
[ECO "B91"]
[WhiteElo "2333"]
[BlackElo "1995"]
[PlyCount "113"]
[EventDate "2018.08.??"]
[EventType "swiss"]
[EventRounds "9"]
[EventCountry "USA"]
[TimeControl "6000+10"]
[WhiteClock "1:39:11"]
[BlackClock "0:00:13"]

1. e4 c5 2. Nf3 d6 3. d4 cxd4 4. Nxd4 Nf6 5. Nc3 a6 6. g3 e5 7. Nde2 Be7 8. Bg2 b5 9. a4 b4 10. Nd5 Nxd5 11. Qxd5 Ra7 12. Be3 Be6 13. Qd3 Rb7 14. a5 O-O 15. O-O Qc8 16. b3 Rc7 17. Rfc1 Nd7 18.
Qd2 Nf6 19. Bb6 Rd7 20. c4 bxc3 21. Nxc3 Qb7 22. Nd5 Bd8 23. Bxd8 Rdxd8 24. Nxf6+ gxf6 25. Qh6 Qe7 26. Rc6 Bxb3 27. Rxa6 Ra8 28. Rc6 Be6 29. Rc3 Rfc8 30. Rca3 Ra6 31. Bf1 Bc4 32. Rc3 Rac6 33. Bxc4 Rxc4 34. Rxc4 Rxc4 35. a6 Rc8 36. Qe3 Qc7 37. h4 Ra8 38. h5 Qc8 39. Qd3 Qe6 40. Qb5 Qc8 41. Qb6 Qc5 42. Qb7 Qc8 43. Qxc8+ Rxc8 44. a7 Ra8 45. Kf1 Kf8 46. Ke2 Ke7 47. Kd3 Kd7 48. Kc4 Kc6 49. g4 Kb7 50. Kd5 Kc7 51. h6 Kd7 52. Ra5 Kc7 53.
f3 Kb6 54. Ra3 Kc7 55. Ra6 Kb7 56. Rxd6 Kxa7 57. Rxf6 1-0

[Event "48th Continental Open"]
[Site "Sturbridge, MA"]
[Date "2018.08.18"]
[Round "6.8"]
[White "Poliannikov, Danila"]
[Black "Kumar, Aravind"]
[Result "0-1"]
[ECO "C03"]
[WhiteElo "1994"]
[BlackElo "2169"]
[PlyCount "46"]
[EventDate "2018.08.??"]
[EventType "swiss"]
[EventRounds "9"]
[EventCountry "USA"]
[TimeControl "6000+10"]
[WhiteClock "0:15:46"]
[BlackClock "0:04:28"]

1. e4 e6 2. d4 d5 3. Nd2 Be7 4. Ngf3 Nf6 5. Bd3 c5 6. exd5 Qxd5 7. dxc5 Nbd7 8. Bc4 Qxc5 9. O-O O-O 10. Qe2 a6 11. Nb3 Qc7 12. Re1 h6 13. Nbd4 b5 14. Bb3 Re8 15. a4 b4 16. Bd2 Bb7 17. Rad1 Ne4 18. Be3 Ndc5 19. Nd2 Nxb3 20. N2xb3 Bd5 21. Nf3 Bc4 22. Rd3 Nf6 23. Nbd4 e5 0-1

[Event "48th Continental Open"]
[Site "Sturbridge, MA"]
[Date "2018.08.18"]
[Round "6.9"]
[White "Genger, Eitan"]
[Black "Shanmugasundaram, Coimbatore"]
[Result "1/2-1/2"]
[ECO "A04"]
[WhiteElo "1903"]
[BlackElo "2147"]
[PlyCount "53"]
[EventDate "2018.08.??"]
[EventType "swiss"]
[EventRounds "9"]
[EventCountry "USA"]
[TimeControl "6000+10"]
[WhiteClock "0:40:10"]
[BlackClock "0:32:10"]

1. Nf3 c5 2. c4 Nc6 3. Nc3 g6 4. d4 cxd4 5. Nxd4 Bg7 6. Nc2 Nf6 7. g3 O-O 8. Bg2 d6 9. O-O a6 10. b3 Rb8 11. Bb2 Bd7 12. Nd5 Nxd5 13.
Bxg7 Ne3 14. Nxe3 Kxg7 15. Qd2 Kg8 16. Nd5 b5 17. cxb5 axb5 18.
Rfc1 e6 19. Nb4 Nxb4 20. Qxb4 d5 21. e4 dxe4 22. Bxe4 Qf6 23. Qc3 e5 24. Qc7 Bh3 25. Rc5 Rfe8 26. b4 Kg7 27. Qc6 1/2-1/2